 Dungeon Crawl Stone Soup version 0.22-a0-247-gbddf880 (webtiles) character file.

14278 b5mith the Fighter (level 11, -4/101 HPs)
             Began as a Minotaur Berserker on Feb 24, 2018.
             Was a High Priest of Trog.
             Slain by a hippogriff (8 damage)
             ... on level 12 of the Dungeon.
             The game lasted 00:29:30 (10575 turns).

b5mith the Fighter (Minotaur Berserker)            Turns: 10575, Time: 00:29:31

Health: -4/101     AC:  3    Str: 24    XL:     11   Next: 86%
Magic:  10/10      EV: 17    Int:  4    God:    Trog [*****.]
Gold:   89         SH:  0    Dex: 11    Spells: 10/10 levels left

rFire    . . .     SeeInvis .   S - +1 great sword (slice)
rCold    + . .     Gourm    .   (shield currently unavailable)
rNeg     . . .     Faith    .   (no armour)
rPois    .         Spirit   .   (helmet restricted)
rElec    .         Reflect  .   (no cloak)
rCorr    .         Harm     .   (no gloves)
MR       .....                  t - +2 pair of boots
Stlth    +.........             O - amulet of regeneration
HPRegen  0.66/turn              C - ring of protection from cold
MPRegen  0.12/turn              (no ring)

@: about to teleport, berserk cooldown, slowed, very slow
A: retaliatory headbutt, horns 2
a: Berserk, Trog's Hand, Brothers in Arms, Renounce Religion


You were on level 12 of the Dungeon.
You worshipped Trog.
Trog was extremely pleased with you.
You were very hungry.

You visited 1 branch of the dungeon, and saw 12 of its levels.

You collected 869 gold pieces.
You spent 780 gold pieces at shops.

Inventory:

Hand Weapons
 a - a +0 falchion
 n - a +0 scimitar
 z - a +0 giant club
 S - a +1 great sword of slicing (weapon)
Missiles
 w - 7 javelins of returning (quivered)
 x - 24 tomahawks
 B - 3 throwing nets
Armour
 b - a +0 animal skin
 f - a +0 ring mail
 i - a +0 large shield
 l - a +0 chain mail
 t - a +2 pair of boots (worn)
 G - a +4 chain mail
 N - +0 steam dragon scales
Jewellery
 C - a ring of protection from cold (left hand)
 O - an amulet of regeneration (around neck)
Wands
 r - a wand of disintegration (12)
 D - a wand of iceblast (15)
 E - a wand of clouds (2)
 M - a wand of random effects (29)
 T - a wand of paralysis (6)
Scrolls
 e - 3 scrolls of teleportation
 g - 2 scrolls of immolation
 j - 3 scrolls of magic mapping
 u - a scroll of fog {unknown}
 v - 5 scrolls of remove curse {@r2}
 y - 2 scrolls of enchant armour
 F - a scroll of enchant weapon {unknown}
 H - 2 scrolls of amnesia
 J - a scroll of random uselessness {unknown}
 P - 2 scrolls of fear {unknown}
 Q - a scroll of brand weapon {unknown}
Potions
 d - a potion of might {unknown}
 h - 8 potions of curing {@q1}
 k - 4 potions of lignification
 m - a potion of mutation {unknown}
 o - 2 potions of brilliance
 p - 4 potions of flight
 q - 2 potions of degeneration {unknown}
 s - 3 potions of heal wounds
 A - a potion of berserk rage {unknown}
 I - a potion of resistance {unknown}
 L - a potion of invisibility {unknown}
 R - a potion of agility
Miscellaneous
 K - a phial of floods
Comestibles
 c - 15 rations
 U - 5 chunks of flesh


   Skills:
 + Level 10.8 Fighting
 + Level 10.8 Long Blades
 + Level 10.5 Armour
 + Level 9.7 Dodging
 - Level 10.7 Shields


You had 10 spell levels left.
You didn't know any spells.

Dungeon Overview and Level Annotations

Branches:
Dungeon (12/15)            Temple (0/1) D:7            Lair (0/6) D:11
    Orc (0/2) D:11

Altars:
Dithmenos
Okawaru
Qazlal
Ru
Trog
Zin

Shops:
D:4 %   D:5 [   D:11 ?

Portals:
Bailey: D:12


Innate Abilities, Weirdness & Mutations

You reflexively headbutt those who attack you in melee.
You have a pair of horns on your head.


Message History

* * * LOW HITPOINT WARNING * * *
The hippogriff misses you.
You feel much better. The hippogriff bites you.
* * * LOW HITPOINT WARNING * * *
The hippogriff completely misses you. The hippogriff claws you.
* * * LOW HITPOINT WARNING * * *
As you read the scroll of teleportation, it crumbles to dust.
You feel strangely unstable. The hippogriff bites you!
* * * LOW HITPOINT WARNING * * *
The hippogriff misses you. The hippogriff claws you.
* * * LOW HITPOINT WARNING * * *
The hippogriff misses you. The hippogriff closely misses you.
The hippogriff claws you.
* * * LOW HITPOINT WARNING * * *
The flying skull hits you!
* * * LOW HITPOINT WARNING * * *
The hippogriff bites you!
* * * LOW HITPOINT WARNING * * *
The hippogriff pecks you!
You die...

...# ##. . .###.# . ..# ....
.#...o. .###.# ..... #.... #
.#...## ......#..# .# .#....#
#..oz## ## .#
.#....##.....#.#.##.#.#
.##.#..##.. #.###z.#..#
..'.##..###..##.z#...#
#.#.......#####.@H..##
#.#...............###
..#..........###.##
..#..#######.....################
#.#### #..............#...##...
#.# #.#####........#.>.##... #.#
#.#####....##..#...##### #.#
#..........##..#...#####
..####+###..............#........


You could see a hippogriff and 2 flying skulls.

Vanquished Creatures
  The ghost of MatthieuS the Fighter, a novice MiAr of Okawaru (D:8)
  3 two-headed ogres
  An ugly thing (D:11)
  A deep elf mage (D:12)
  Maurice (D:8)
  A centaur zombie (D:11)
  A redback zombie (D:11)
  2 trolls
  3 hippogriffs
  11 flying skulls (D:12)
  2 wyverns
  A basilisk (D:11)
  6 yaks
  A steam dragon (D:9)
  2 hungry ghosts (D:8)
  Menkaure (D:5)
  A soldier ant (D:10)
  2 insubstantial wisps (D:9)
  2 water moccasins (D:11)
  3 orc warriors
  5 sky beasts
  3 ice beasts (D:6)
  A black bear (D:9)
  2 phantoms
  7 ogres
  A centaur (D:9)
  A crocodile (D:10)
  8 big kobolds
  2 gnoll sergeants (D:11)
  6 bullfrogs
  2 scorpions
  16 killer bees
  A howler monkey (D:4)
  2 crimson imps
  A quasit (D:11)
  4 centaur skeletons
  5 orc priests
  2 bullfrog skeletons
  5 hounds
  4 orc wizards
  2 iguanas (D:6)
  5 worker ants
  A hound skeleton (D:11)
  A howler monkey zombie (D:5)
  5 gnolls (D:11)
  6 adders
  2 shadow imps
  2 oozes
  2 worms
  A dart slug (D:1)
  A leopard gecko (D:1)
  24 orcs
  2 ball pythons
  3 giant cockroaches
  9 goblins
  7 hobgoblins
  10 jackals
  6 quokkas
  6 bats
  8 frilled lizards
  A jackal skeleton (D:4)
  11 kobolds
  5 rats
244 creatures vanquished.

Notes
Turn   | Place    | Note
-------+----------+-------------------------------------------
     0 | D:1      | b5mith the Minotaur Berserker began the quest for the Orb.
     0 | D:1      | Reached XP level 1. HP: 19/19 MP: 0/0
   267 | D:1      | Reached XP level 2. HP: 26/27 MP: 1/1
   709 | D:2      | Reached skill level 1 in Shields
   768 | D:2      | Reached XP level 3. HP: 33/33 MP: 2/2
   823 | D:2      | Reached ** piety under Trog
  1246 | D:3      | Found a glowing silver altar of Zin.
  1451 | D:3      | Reached XP level 4. HP: 37/40 MP: 3/3
  1606 | D:4      | Found a shadowy altar of Dithmenos.
  1720 | D:4      | Found Cerap's Food Emporium.
  1751 | D:4      | Reached XP level 5. HP: 46/47 MP: 4/4
  1906 | D:4      | Reached XP level 6. HP: 43/53 MP: 5/5
  2139 | D:4      | Found a bloodstained altar of Trog.
  2299 | D:5      | Entered Level 5 of the Dungeon
  2313 | D:5      | Found Qythrom's Antique Armour Shop.
  2400 | D:5      | Noticed a sky beast
  2408 | D:5      | Killed a sky beast
  2432 | D:5      | Reached skill level 5 in Fighting
  2432 | D:5      | Reached skill level 5 in Long Blades
  2869 | D:5      | Reached XP level 7. HP: 48/61 MP: 6/6
  2906 | D:5      | Noticed Menkaure
  2917 | D:5      | Killed Menkaure
  2917 | D:5      | Reached skill level 5 in Shields
  3470 | D:6      | Found a stormy altar of Qazlal.
  3517 | D:6      | Reached *** piety under Trog
  3524 | D:6      | Received a gift from Trog
  3581 | D:6      | Reached skill level 5 in Armour
  3587 | D:6      | Reached XP level 8. HP: 26/70 MP: 7/7
  4007 | D:6      | Reached skill level 5 in Dodging
  4012 | D:6      | Found an iron altar of Okawaru.
  4362 | D:7      | Found a staircase to the Ecumenical Temple.
  5061 | D:7      | Found a stormy altar of Qazlal.
  5305 | D:8      | Noticed a hippogriff
  5313 | D:8      | Reached XP level 9. HP: 64/78 MP: 8/8
  5425 | D:8      | Noticed Maurice
  5512 | D:8      | Killed Maurice
  5704 | D:8      | Noticed MatthieuS's ghost (novice MiAr)
  5765 | D:8      | Killed MatthieuS's ghost
  5898 | D:8      | Noticed a two-headed ogre
  5909 | D:8      | Killed a two-headed ogre
  5909 | D:8      | Reached XP level 10. HP: 57/89 MP: 9/9
  6673 | D:9      | Found a sacrificial altar of Ru.
  6812 | D:9      | Noticed a two-headed ogre
  6822 | D:9      | Killed a two-headed ogre
  7019 | D:9      | Reached **** piety under Trog
  7494 | D:10     | Entered Level 10 of the Dungeon
  7621 | D:9      | Reached skill level 10 in Shields
  8376 | D:11     | Found a staircase to the Lair.
  8388 | D:10     | Reached XP level 11. HP: 81/97 MP: 10/10
  8525 | D:11     | Noticed a white ugly thing
  8633 | D:11     | Killed a white ugly thing
  8775 | D:11     | Noticed a two-headed ogre
  8786 | D:11     | Killed a two-headed ogre
  8832 | D:11     | Reached skill level 10 in Fighting
  8832 | D:11     | Reached skill level 10 in Long Blades
  9352 | D:11     | Found Saffor's Magic Scroll Boutique.
  9526 | D:11     | Reached skill level 10 in Armour
  9701 | D:11     | Found a staircase to the Orcish Mines.
 10041 | D:11     | Bought a scroll of acquirement for 780 gold pieces
 10159 | D:12     | Paralysed by a big kobold for 2 turns
 10182 | D:12     | Noticed a deep elf mage
 10209 | D:12     | Killed a deep elf mage
 10358 | D:12     | Reached ***** piety under Trog
 10369 | D:12     | Found a flagged portal.
 10575 | D:12     | HP: 4/101 [hippogriff (8)]
 10575 | D:12     | Slain by a hippogriff

Vault maps used:
D:1:      saegor_arrival_simple_f
D:3:      old_standard_altar, minmay_surrounded
D:4:      lemuel_crystal_altar, nicolae_dithmenos_through_a_glass_darkly,
          first_ration, serial_shops, kennysheep_mini_moat
D:5:      serial_shops, nicolae_shop_waterfront, uniq_menkaure
D:6:      okawaru_ov_weapons_minmay, overflow_temple_1_default
D:7:      minmay_temple_entry_purple_smoke, basic_altar, st_stairs_14,
          minivault_5, grunt_ogre_cave, minivault_1
D:8:      uniq_maurice
D:9:      hangedman_ru_absence, hangedman_misty_isle
D:10:     glass_columns_b
D:11:     david_lair_generic, kennysheep_orc_monster_closet_entryway,
          lab_entry_generic, serial_shops, nicolae_shop_waterfront
D:12:     minmay_outward_triangles, serial_shops, shop, enter_bailey_3,
          minmay_guarded_unrand_skullcrusher

Skill      XL: |  1  2  3  4  5  6  7  8  9 10 11 |
---------------+----------------------------------+-----
Shields        | 1 2 3 4 6 7 8 10 | 10.7
Long Blades    | 4 5 6 8 9 10 | 10.8
Fighting       | 4 5 6 8 9 10 | 10.8
Armour         | 3 4 5 6 7 9 10 | 10.5
Dodging        | 3 4 5 7 8 9 |  9.7

Action                   |  1- 3 |  4- 6 |  7- 9 | 10-12 || total
-------------------------+-------+-------+-------+-------++-------
Melee: Falchion          |    39 |       |       |       ||    39
       Headbutt          |    16 |    21 |    56 |   110 ||   203
       Scimitar          |    87 |    93 |   310 |   442 ||   932
       Great sword       |       |       |       |    59 ||    59
Throw: Javelin           |       |       |     4 |     6 ||    10
Invok: Berserk           |       |       |     2 |     6 ||     8
       Trog's Hand       |       |       |       |     1 ||     1
  Use: Scroll            |       |     5 |     2 |     6 ||    13
       Potion            |       |       |       |     2 ||     2
  Eat: Chunk             |     2 |     4 |     2 |     9 ||    17
       Ration            |       |       |     6 |     3 ||     9
Armor: Ring mail         |    32 |    24 |    41 |       ||    97
       Animal skin       |     1 |       |       |       ||     1
       Chain mail        |       |       |    57 |    70 ||   127
       Steam dragon scal |       |       |       |    33 ||    33
       Skin              |       |       |       |    17 ||    17
Dodge: Dodged            |    33 |    20 |    55 |   199 ||   307
Block: Large shield      |    75 |    68 |   237 |   410 ||   790
       Rpst.: Falchion   |     2 |       |       |       ||     2
       Scimitar          |     6 |     3 |    17 |    29 ||    55
       Great sword       |       |       |       |    21 ||    21

Table legend:
 A = Spawn XP
 B = Non-spawn XP
 C = Spawn XP percentage of total XP
 D = Spawn monster count
 E = Non-spawn monster count
 F = Spawn count percentage of total count
 G = Total turns spent on level
                    A         B        C        D         E        F      G
               +---------+---------+-------+---------+---------+-------+---------
         Total |       0 |   20398 |   0.0 |       0 |     244 |   0.0 | 10575
               +---------+---------+-------+---------+---------+-------+---------
           D:1 |       0 |      24 |   0.0 |       0 |      14 |   0.0 |   661
           D:2 |       0 |      46 |   0.0 |       0 |      15 |   0.0 |   443
           D:3 |       0 |      34 |   0.0 |       0 |      17 |   0.0 |   501
           D:4 |       0 |     301 |   0.0 |       0 |      17 |   0.0 |   694
           D:5 |       0 |     582 |   0.0 |       0 |       9 |   0.0 |  1101
           D:6 |       0 |    1180 |   0.0 |       0 |      19 |   0.0 |   939
           D:7 |       0 |     630 |   0.0 |       0 |      13 |   0.0 |   948
           D:8 |       0 |    3183 |   0.0 |       0 |      10 |   0.0 |  1120
           D:9 |       0 |    4283 |   0.0 |       0 |      41 |   0.0 |  1111
          D:10 |       0 |    1228 |   0.0 |       0 |      13 |   0.0 |   979
          D:11 |       0 |    5365 |   0.0 |       0 |      50 |   0.0 |  1587
          D:12 |       0 |    3542 |   0.0 |       0 |      26 |   0.0 |   491
               +---------+---------+-------+---------+---------+-------+---------
